 Dungeon Sprint DCSS version 0.22-a0-396-g3f858e3 (webtiles) character file.

2536 emperorscorpion the Cruncher (level 9, -1/74 HPs)
             Began as a Demonspawn Hunter on May 3, 2018.
             Was a High Priest of Trog.
             Slain by a crocodile (3 damage)
             ... in the Dungeon (Sprint IX: "|||||||||||||||||||||||||||||").
             The game lasted 00:03:48 (1193 turns).

emperorscorpion the Cruncher (Demonspawn Hunter)    Turns: 1193, Time: 00:03:49

Health: -1/74      AC: 15    Str: 16    XL:     9   Next: 30%
Magic:  10/10      EV: 11    Int: 13    God:    Trog [*****.]
Gold:   22         SH:  0    Dex: 16    Spells: 8/8 levels left

rFire    . . .     SeeInvis .   a - +4 quarterstaff (speed)
rCold    . . .     Gourm    .   (shield currently unavailable)
rNeg     . . .     Faith    .   t - +1 chain mail
rPois    .         Spirit   .   (no helmet)
rElec    .         Reflect  .   s - +0 cloak
rCorr    .         Harm     .   (no gloves)
MR       .....     NoTele   +   (no boots)
Stlth    ..........             (no amulet)
HPRegen  0.22/turn              u - +3 ring of strength
MPRegen  0.12/turn              v - +2 ring of protection

@: berserk cooldown, slowed, very slow
A: claws 2, rot immunity, sturdy frame 1
a: Berserk, Trog's Hand, Brothers in Arms, Renounce Religion


You were in the Dungeon.
You worshipped Trog.
Trog was extremely pleased with you.
You were very hungry.

You visited 1 branch You collected 22 gold pieces.

Inventory:

Hand Weapons
 a - a +4 quarterstaff of speed (weapon)
 m - a +0 shortbow
 r - a +0 short sword
Missiles
 c - 6 javelins (quivered)
 d - 2 throwing nets
 l - 12 arrows
Armour
 b - a +0 leather armour
 s - a +0 cloak (worn)
 t - a +1 chain mail (worn)
Magical Staves
 q - an uncursed staff of energy
Jewellery
 u - a +3 ring of strength (left claw)
 v - a +2 ring of protection (right claw)
Wands
 p - a wand of acid (9)
Scrolls
 j - 2 scrolls of fog
 k - 2 scrolls of blinking
 n - a scroll of identify
 o - 3 scrolls of remove curse
 w - 4 scrolls of enchant armour
 x - 2 scrolls of enchant weapon
Potions
 e - 7 potions of curing
 f - a potion of agility
 g - 5 potions of heal wounds
 h - a potion of haste
 i - 4 potions of magic


   Skills:
 + Level 8.1 Fighting
 - Level 3.3 Short Blades
 + Level 10.4 Staves
 + Level 10.3 Throwing
 + Level 7.4 Armour
 + Level 6.1 Dodging
 + Level 6.0 Stealth
 + Level 1.9 Evocations


You had 8 spell levels left.
You didn't know any spells.

Dungeon Overview and Level Annotations

Branches:
Dungeon (1/1)

Altars:
Cheibriados
Dithmenos
Elyvilon
Fedhas
Gozag
Hepliaklqana
Kikubaaqudgha
Makhleb
Nemelex Xobeh
Okawaru
Qazlal
Ru
Sif Muna
Trog
Uskayaw
Vehumet
Wu Jian
Xom
Yredelemnul
Zin
The Shining One
Beogh
Jiyva
Lugonu


Innate Abilities, Weirdness & Mutations

You have very sharp fingernails.
You are immune to rotting.
Your movements are slightly less encumbered by armour. (ER -2)


Message History

* * * LOW HITPOINT WARNING * * *
You stumble backwards!
You hit the elephant.
The elephant is almost dead.
You are feeling very hungry.
The elephant closely misses you.
The elephant trunk-slaps you but does no damage.
You sock the elephant!
You kill the elephant!
Trog accepts your kill.
Trog will gift you weapons as you gain piety.
Your Fighting skill increases to level 8!
Your Staves skill increases to level 10!
Your Stealth skill increases to level 6!
You hit the crocodile.
The crocodile is lightly wounded.
You closely miss the crocodile.
The crocodile is lightly wounded.
The crocodile bites you.
You die...

▓▓▓▓▓▓▓▓▓▓▓▓▓▓▓▓▓▓▓▓▓▓▓▓▓▓▓▓▓▓▓▓▓
____________________'...÷.'.....'
▓▓▓▓▓▓▓▓▓▓▓▓▓▓▓▓▓▓▓▓▓▓▓▓▓▓▓▓▓▓▓▓▓
.................................
▓▓▓▓▓▓▓▓▓▓▓▓▓▓▓▓▓▓▓▓▓▓▓▓▓▓▓▓▓▓▓▓▓
......†††t@..........!.'...
▓▓▓▓▓▓▓▓▓▓▓▓▓▓▓▓▓▓▓▓▓▓▓▓▓▓▓


You could see a crocodile.

Vanquished Creatures
  A deep elf mage (D)
  An elephant (D)
  A spiny frog (D)
  A komodo dragon (D)
  A hippogriff (D)
  2 yaks (D)
  An acid dragon (D)
  2 ice beasts (D)
  A porcupine (D)
  An ogre (D)
  A wolf (D)
  A centaur (D)
  A bullfrog (D)
  A scorpion (D)
  3 crimson imps (D)
  A gnoll (D)
  An adder zombie (D)
  A dart slug (D)
  A bat skeleton (D)
  A giant cockroach (D)
  A hobgoblin (D)
  A jackal (D)
  A frilled lizard (D)
  A kobold (D)
  A leopard gecko skeleton (D)
  A quokka zombie (D)
30 creatures vanquished.

Notes
Turn   | Place    | Note
-------+----------+-------------------------------------------
     0 | D        | emperorscorpion the Demonspawn Hunter began the quest for the Orb.
     0 | D        | Reached XP level 1. HP: 16/16 MP: 1/1
    35 | D        | Reached skill level 1 in Short Blades
   273 | D        | Noticed a centaur
   285 | D        | Gained mutation: You are immune to rotting. [demonic ancestry]
   285 | D        | Reached XP level 2. HP: 19/23 MP: 2/2
   297 | D        | Killed a centaur
   297 | D        | Reached skill level 1 in Armour
   297 | D        | Gained mutation: Your movements are slightly less encumbered by armour. (ER -2) [demonic ancestry]
   297 | D        | Reached XP level 3. HP: 28/29 MP: 3/3
   297 | D        | Reached XP level 4. HP: 34/35 MP: 4/4
   314 | D        | Found a roughly hewn altar of Beogh.
   314 | D        | Found a snail-covered altar of Cheibriados.
   314 | D        | Found a shadowy altar of Dithmenos.
   314 | D        | Found a white marble altar of Elyvilon.
   314 | D        | Found a blossoming altar of Fedhas.
   314 | D        | Found an opulent altar of Gozag.
   315 | D        | Found a hazy altar of Hepliaklqana.
   316 | D        | Found a viscous altar of Jiyva.
   317 | D        | Found an ancient bone altar of Kikubaaqudgha.
   318 | D        | Found a corrupted altar of Lugonu.
   319 | D        | Found a burning altar of Makhleb.
   320 | D        | Found a sparkling altar of Nemelex Xobeh.
   321 | D        | Found an iron altar of Okawaru.
   322 | D        | Found a stormy altar of Qazlal.
   323 | D        | Found a sacrificial altar of Ru.
   324 | D        | Found a deep blue altar of Sif Muna.
   325 | D        | Found a bloodstained altar of Trog.
   326 | D        | Found a hide-covered altar of Uskayaw.
   327 | D        | Found a radiant altar of Vehumet.
   328 | D        | Found an ornate altar of the Wu Jian Council.
   329 | D        | Found a shimmering altar of Xom.
   330 | D        | Found a basalt altar of Yredelemnul.
   331 | D        | Found a glowing silver altar of Zin.
   332 | D        | Found a glowing golden altar of the Shining One.
   333 | D        | Became a worshipper of Trog the Wrathful
   391 | D        | Noticed an ogre
   391 | D        | Noticed a yak
   391 | D        | Noticed an ice beast
   400 | D        | Reached skill level 1 in Stealth
   400 | D        | Gained mutation: You have sharp fingernails. [demonic ancestry]
   400 | D        | Reached XP level 5. HP: 27/42 MP: 5/5
   413 | D        | Reached * piety under Trog
   421 | D        | Killed an ice beast
   421 | D        | Reached skill level 1 in Staves
   421 | D        | Gained mutation: You have very sharp fingernails. [demonic ancestry]
   421 | D        | Reached XP level 6. HP: 38/49 MP: 6/6
   426 | D        | Killed a yak
   426 | D        | Reached skill level 5 in Fighting
   426 | D        | Reached skill level 10 in Throwing
   426 | D        | Reached skill level 1 in Evocations
   431 | D        | Reached ** piety under Trog
   431 | D        | Reached skill level 5 in Dodging
   613 | D        | Noticed a deep elf mage
   613 | D        | Noticed an ice beast
   613 | D        | Noticed an acid dragon
   819 | D        | Killed an acid dragon
   819 | D        | Reached XP level 7. HP: 26/57 MP: 7/7
   828 | D        | Reached *** piety under Trog
   828 | D        | Reached skill level 5 in Staves
   832 | D        | Killed a deep elf mage
   832 | D        | Reached skill level 5 in Armour
   832 | D        | Reached XP level 8. HP: 32/65 MP: 7/9
  1140 | D        | Noticed a spiny frog
  1140 | D        | Noticed a komodo dragon
  1140 | D        | Noticed a hippogriff
  1149 | D        | Killed a hippogriff
  1149 | D        | Received a gift from Trog
  1157 | D        | Noticed an elephant
  1164 | D        | Killed a komodo dragon
  1164 | D        | Reached **** piety under Trog
  1164 | D        | Reached skill level 5 in Stealth
  1173 | D        | Killed a spiny frog
  1173 | D        | Reached XP level 9. HP: 50/73 MP: 10/10
  1189 | D        | HP: 2/73 [elephant (14)]
  1191 | D        | Killed an elephant
  1191 | D        | Reached ***** piety under Trog
  1191 | D        | Reached skill level 10 in Staves
  1193 | D        | Slain by a crocodile

Vault maps used:
D:        linesprint

Skill      XL: |  1  2  3  4  5  6  7  8  9 |
---------------+----------------------------+-----
Throwing       | 4 6 7 9 10 | 10.3
Short Blades   | 1 3 |  3.3
Dodging        | 2 3 4 5 6 |  6.1
Fighting       | 3 4 5 6 7 8 |  8.1
Armour         | 1 2 3 4 5 7 |  7.4
Stealth        | 1 2 4 5 6 |  6.0
Staves         | 1 4 6 9 10 | 10.4
Evocations     | 1 |  1.9

Action                   |  1- 3 |  4- 6 |  7- 9 || total
-------------------------+-------+-------+-------++-------
Melee: Short sword       |    54 |       |       ||    54
       Quarterstaff      |       |    34 |    62 ||    96
Invok: Berserk           |       |     2 |     1 ||     3
       Trog's Hand       |       |     2 |       ||     2
Evoke: Wand              |       |     1 |       ||     1
  Use: Potion            |     1 |     1 |       ||     2
 Stab: Invisible         |       |     2 |     2 ||     4
  Eat: Ration            |       |     1 |       ||     1
Armor: Leather armour    |    10 |       |       ||    10
       Chain mail        |       |    12 |    19 ||    31
Dodge: Dodged            |    37 |     8 |    10 ||    55

Table legend:
 A = Spawn XP
 B = Non-spawn XP
 C = Spawn XP percentage of total XP
 D = Spawn monster count
 E = Non-spawn monster count
 F = Spawn count percentage of total count
 G = Total turns spent on level
                    A         B        C        D         E        F      G
               +---------+---------+-------+---------+---------+-------+---------
         Total |       0 |    3624 |   0.0 |       0 |      30 |   0.0 |  1193
               +---------+---------+-------+---------+---------+-------+---------
             D |       0 |    3624 |   0.0 |       0 |      30 |   0.0 |  1193
               +---------+---------+-------+---------+---------+-------+---------
